 Dungeon Crawl Stone Soup version 0.17-a0-1115-g0372368 (webtiles) character file.

38 Hanyuu the Insei (level 3, 23/23 HPs)
             Began as an Octopode Transmuter on May 23, 2015.
             Quit the game on level 2 of the Dungeon.
             The game lasted 00:03:27 (1099 turns).

Hanyuu the Insei (Octopode Transmuter)              Turns: 1099, Time: 00:03:27

Health: 23/23      AC:  1    Str:  9    XL:     3   Next: 43%
Magic:  6/6        EV: 12    Int: 16    God:
Gold:   105        SH:  0    Dex: 12    Spells: 3 memorised, 0 levels left

rFire  . . .     SeeInvis .       - Unarmed
rCold  . . .     Clarity  .     (no shield)
rNeg   + . .     SustAt   .     (helmet restricted)
rPois  .         Gourm    .     i - amulet of warding
rElec  .         Spirit   .     (no ring)
rCorr  .         Warding  +     (no ring)
rMut   .         Stasis   .     (no ring)
MR     .....                    (no ring)
Stlth  +++.......               (no ring)
                                (no ring)
                                (no ring)
                                (no ring)

@: not resistant to hostile enchantments, fairly stealthy
A: almost no armour, amphibious, 8 rings, constrict 8, camouflage 1, gelatinous
body 1
a: no special abilities


You were on level 2 of the Dungeon.
You were not hungry.

You visited 1 branch of the dungeon, and saw 2 of its levels.

You collected 105 gold pieces.

Inventory:

Hand weapons
 m - a +0 hunting sling
Missiles
 a - 27 arrows
 d - 7 sling bullets of frost
 h - 18 sling bullets
 l - 13 poisoned arrows
 n - 48 stones (quivered)
Jewellery
 i - an amulet of warding (around mantle)
Scrolls
 g - a scroll of magic mapping {unknown}
 j - 3 scrolls of remove curse
 u - a scroll of recharging {unknown}
Potions
 e - a potion of lignification {unknown}
 f - a potion of heal wounds {unknown}
 p - a potion of might {unknown}
 r - a potion of poison {unknown}
 s - a potion of beneficial mutation {unknown}
Books
 b - a book of Changes

   Spells                             Type                      Level
   a - Beastly Appendage              Transmutation                1
   b - Sticks to Snakes               Transmutation                2
   c - Spider Form                    Transmutation/Poison         3
   d - Ice Form                       Ice/Transmutation            4
   e - Blade Hands                    Transmutation                5
Comestibles
 c - a bread ration
 k - a beef jerky
 o - a meat ration
 q - 2 chunks of flesh
 t - a slice of pizza


   Skills:
 - Level 1.0 Fighting
 - Level 2.0 Dodging
 + Level 1.3 Stealth
 + Level 4.2 Unarmed Combat
 - Level 2.0 Spellcasting
 - Level 2.0 Transmutations


You couldn't memorise any spells.
You knew the following spells:

 Your Spells              Type           Power        Failure   Level  Hunger
a - Beastly Appendage     Trmt           #.....       10%         1    #......
b - Sticks to Snakes      Trmt           #.........   14%         2    ###....
c - Spider Form           Trmt/Pois      #.........   38%         3    ###....


Dungeon Overview and Level Annotations

Branches:
Dungeon (2/15)

Altars:


Innate Abilities, Weirdness & Mutations

You cannot wear most types of armour.
You are amphibious.
You can wear up to eight rings at the same time.
You can use your tentacles to constrict eight enemies at once.
Your skin changes colour to match your surroundings (Stealth).
Your rubbery body absorbs attacks (AC +1).


Message History

There is an open door here.
You are feeling hungry.
No target in view!
Eat one of 3 chunks of flesh? (ye/n/q/i?) This raw flesh tastes terrible.
You continue eating. x2
You open the door.
There is an open door here.
A hobgoblin comes into view. It is wielding a club.
The helpless hobgoblin fails to defend itself.
You tentacle-slap the hobgoblin. Your grab misses the hobgoblin.
You tentacle-slap the hobgoblin, but do no damage.
The hobgoblin is moderately wounded.
The hobgoblin closely misses you.
You closely miss the hobgoblin. You grab the hobgoblin.
The hobgoblin is moderately wounded.
You constrict the hobgoblin. The hobgoblin barely misses you.
You tentacle-slap the hobgoblin.
You kill the hobgoblin!
Are you sure you want to abandon this character and quit the game? (Confirm with "yes".)

#........#
######'###
#.# #.# #.#
#.# #.#
...######.#
......)@..#
###########


There were no monsters in sight!

Vanquished Creatures
  An ooze (D:1)
  A giant gecko (D:1)
  5 bats
  A giant cockroach (D:2)
  6 goblins (D:1)
  4 hobgoblins
  4 kobolds
  5 giant newts
  3 rats
30 creatures vanquished.

Notes
Turn   | Place    | Note
--------------------------------------------------------------
     0 | D:1      | Hanyuu the Octopode Transmuter began the quest for the Orb.
     0 | D:1      | Reached XP level 1. HP: 13/13 MP: 3/3
    95 | D:1      | Reached XP level 2. HP: 15/18 MP: 5/5
   505 | D:1      | Reached skill level 1 in Stealth
   505 | D:1      | Reached XP level 3. HP: 16/23 MP: 6/6
   509 | D:1      | Learned a level 2 spell: Sticks to Snakes
   513 | D:1      | Learned a level 3 spell: Spider Form
   539 | D:1      | Reached skill level 4 in Unarmed Combat
  1099 | D:2      | Quit the game

Vault maps used:
D:1:      scummos_arrival_forest, dk_noncrumbling_3

Action                   || total
-------------------------++-------
Melee: Unarmed           ||    59
  Use: Scroll            ||     3
 Stab: Sleeping          ||     4
  Eat: Chunk             ||     1
